Map: Oxide LE

Players

LiquidClem (Clem) - Winner!

  • Race: Terran Terran
  • Spawn Location: 1:00

Armani

  • Race: Zerg Zerg
  • League: Diamond
  • Spawn Location: 7:00

Event: Cheeseadelphia Winter Championship 2021

VOD

Have the link to the VOD?

Description

Time

  • Played on: Jan. 24, 2021, 10:38 a.m.
  • Length: 14:47

All games in this series

Show
View Real Time Build Order
Export as new Build Order

LiquidClem Terran - Winner!

Build Orders: Reaper Expand, Hellion Banshee 

Get SALT Encoding   

  12  0:00  SCV  
  13  0:12  SCV  
  14  0:17  Supply Depot  
  14  0:24  SCV  
  15  0:38  SCV  
  15  0:40  Barracks  
  16  0:45  Refinery  
  16  0:50  SCV  
  17  1:02  SCV  
  18  1:15  SCV  
  19  1:27  Orbital Command  
  19  1:28  Reaper  
  20  1:38  Command Center  
  20  1:52  SCV  
  20  1:53  Supply Depot  
  21  1:59  Marine  
  22  2:05  SCV  
  23  2:17  Factory, SCV  
  23  2:19  Refinery  
  24  2:23  Barracks Reactor  
  24  2:29  SCV  
  25  2:41  SCV  
  26  2:50  Orbital Command  
  26  2:53  SCV  
  27  3:03  Starport  
  27  3:05  SCV  
  28  3:08  Hellion x2  
  28  3:09  Marine  
  33  3:15  Supply Depot  
  33  3:17  SCV x2  
  35  3:27  Marine  
  35  3:29  Hellion, SCV x2  
  35  3:30  Hellion  
  42  3:39  Medivac  
  42  3:40  Supply Depot  
  44  3:41  SCV  
  44  3:42  SCV  
  44  3:43  Armory  
  46  3:49  Barracks Tech Lab  
  46  3:52  Hellion  
  46  3:53  Hellion, SCV  
  46  3:54  SCV  
  52  4:02  Supply Depot  
  52  4:05  SCV  
  53  4:13  Barracks Tech Lab, SCV  
  53  4:14  Hellion x2  
  53  4:15  Banshee  
  61  4:17  SCV  
  61  4:18  Cloaking Field  
  62  4:24  Hellion x4  
  62  4:25  Supply Depot  
  62  4:26  SCV  
  62  4:30  SCV  
  65  4:38  SCV  
  65  4:47  Stimpack  
  65  4:48  Command Center  
  65  4:51  SCV x2  
  65  4:52  Marine  
  68  4:56  Factory Reactor  
  68  5:03  Barracks, SCV  
  68  5:04  Banshee  
  68  5:06  Barracks  
  72  5:07  Supply Depot  
  72  5:08  SCV  
  72  5:09  Marine  
  72  5:15  SCV  
  72  5:20  SCV  
  66  5:22  Engineering Bay  
  66  5:23  Refinery  
  66  5:24  Engineering Bay  
  66  5:25  Refinery  
  66  5:28  SCV  
  63  5:32  SCV  
  63  5:33  Marine  
  64  5:40  SCV  
  64  5:42  Factory Reactor  
  65  5:44  SCV  
  66  5:50  Barracks  
  66  5:52  Barracks  
  66  5:54  Marine x2  
  66  5:56  Starport Reactor, Terran Infantry Armor Level 1, Terran Infantry Weapons Level 1, SCV  
  66  5:57  SCV  
  70  6:01  Orbital Command  
  70  6:02  Marine x2  
  72  6:05  Marine  
  72  6:09  SCV  
  74  6:14  Marine x2  
  76  6:19  Marine  
  76  6:20  Widow Mine x2  
  76  6:21  SCV x2  
  76  6:23  Orbital Command  
  83  6:25  Marine x2  
  83  6:26  Supply Depot  
  83  6:30  Combat Shield  
  83  6:32  Marine  
  86  6:33  SCV x2  
  86  6:34  Medivac  
  86  6:37  Supply Depot  
  86  6:39  Supply Depot, Marine x2  
  93  6:43  Marine  
  93  6:46  Widow Mine, Marine  
  98  6:50  Barracks Reactor  
  98  6:51  Barracks Reactor  
  98  6:52  SCV x2  
  98  6:53  SCV  
  99  6:54  Factory  
  99  6:58  Marine  
  99  6:59  Refinery  
  99  7:00  Marine  
  101  7:01  Hellion  
  101  7:04  SCV x2  
  101  7:05  SCV  
  101  7:07  Supply Depot x2, Marine  
  99  7:14  Widow Mine  
  99  7:15  Widow Mine  
  103  7:16  SCV, Marine x3  
  103  7:17  SCV  
  103  7:19  Supply Depot  
  103  7:20  SCV  
  109  7:24  Marine  
  109  7:25  Marine  
  109  7:28  SCV  
  109  7:29  Medivac x2  
  116  7:31  Marine  
  116  7:34  Marine  
  116  7:37  Marine  
  118  7:39  Marine  
  118  7:40  Marine x2  
  118  7:43  Siege Tank, Marine x2  
  119  7:45  SCV x2  
  119  7:46  Marine  
  119  7:49  Marine  
  119  7:50  Terran Infantry Weapons Level 2  
  120  7:52  Terran Infantry Armor Level 2, Factory Tech Lab, Marine  
  120  7:57  Marine x2  
  119  8:01  Refinery, Marine x2  
  120  8:06  Command Center  
  120  8:10  Marauder, Marine  
  120  8:12  Siege Tank  
  126  8:14  Supply Depot  
  126  8:15  Marine x3  
  126  8:16  Supply Depot, Marine  
  126  8:17  Marine  
  131  8:22  Medivac  
  131  8:23  Siege Tank  
  136  8:29  Supply Depot  
  136  8:30  Marine x3  
  136  8:31  Marine  
  136  8:32  Supply Depot  
  136  8:33  Terran Vehicle Weapons Level 1, Marine  
  141  8:35  Marine  
  141  8:36  Marine x3  
  145  8:42  SCV x3  
  145  8:47  Marine  
  145  8:48  Siege Tank, Marine  
  152  8:49  Marauder, Marine  
  152  8:51  Marine  
  151  8:56  Medivac  
  151  8:57  Siege Tank, Marine x3  
  151  9:01  Marine  
  149  9:03  SCV  
  149  9:05  Marine x2  
  149  9:08  Marine x2  
  150  9:10  SCV  
  150  9:11  SCV  
  150  9:13  Marine  
  150  9:16  SCV  
  143  9:19  Marine  
  143  9:20  Siege Tank, Marine x2  
  147  9:24  Marine  
  147  9:28  SCV  
  125  9:32  Medivac  
  125  9:33  Siege Tank, Marine  
  125  9:37  Marine  
  116  9:39  Marine  
  116  9:44  SCV x3  
  120  9:48  Marine  
  120  9:50  Marine  
  120  9:52  Marine  
  123  9:54  Marine  
  123  9:56  SCV, Marine  
  123  9:57  Marine  
  127  10:00  Marine  
  127  10:02  Marine  
  129  10:07  Marine  
  129  10:08  Siege Tank  
  129  10:12  Marine x3  
  136  10:18  Siege Tank  
  136  10:19  Marine  
  136  10:20  Medivac  
  139  10:22  Marine x2  
  139  10:26  Medivac  
  143  10:29  Planetary Fortress  
  143  10:30  SCV  
  143  10:32  SCV  
  143  10:33  SCV  
  146  10:40  Siege Tank  
  146  10:41  Terran Infantry Weapons Level 3  
  146  10:42  SCV  
  148  10:44  SCV  
  148  10:46  SCV  
  148  10:50  Marine  
  148  10:54  SCV  
  150  10:59  Marine x6  
  150  11:02  Terran Infantry Armor Level 3  
  150  11:03  SCV  
  156  11:04  SCV  
  156  11:06  SCV  
  156  11:07  SCV, Marine  
  156  11:14  Supply Depot, Siege Tank  
  156  11:15  Marine  
  159  11:21  SCV, Marine x2  
  159  11:23  Marine x3  
  159  11:24  Marine  
  159  11:26  SCV  
  159  11:30  SCV  
  159  11:31  Sensor Tower  
  161  11:37  Marine  
  158  11:40  Missile Turret  
  158  11:41  Marine x2  
  158  11:43  Missile Turret  
  158  11:45  Marine  
  150  11:48  Marine  
  150  11:49  Siege Tank  
  150  11:52  Marine x2  
  150  11:53  Marine x2  
  123  11:55  Reaper  
  123  11:57  Medivac x2  
  123  11:58  SCV x2  
  123  11:59  SCV  
  123  12:00  SCV  
  116  12:02  Marine  
  99  12:10  SCV x2  
  99  12:11  Marauder, Siege Tank, SCV  
  99  12:12  SCV  
  99  12:13  Marine  
  105  12:16  Marine  
  105  12:18  Marine x2  
  105  12:20  Marine  
  108  12:25  Marine  
  108  12:26  Marine  
  108  12:27  Marine  
  107  12:31  Marine  
  107  12:32  Marauder  
  107  12:33  Siege Tank  
  107  12:34  SCV, Marine  
  107  12:35  SCV  
  107  12:36  SCV  
  117  12:37  SCV  
  117  12:41  Marine x2  
  117  12:42  Marine  
  117  12:43  Siege Tank, Marine  
  125  12:47  Marine x2  
  125  12:49  Marine  
  128  12:54  Missile Turret, SCV x3, Marine  
  128  12:55  Marine  
  133  13:01  Concussive Shells, Marine x3  
  133  13:02  Marine  
  137  13:07  Siege Tank  
  137  13:09  Marine  
  137  13:10  Marine  
  137  13:11  Marine  
  143  13:13  Marauder  
  143  13:14  Marine  
  143  13:15  Siege Tank  
  143  13:17  SCV x2  
  143  13:18  SCV  
  143  13:19  Marine x2  
  154  13:24  Marine x2  
  134  13:27  Marine  
  134  13:28  Marine  
  134  13:29  Marine  
  134  13:32  Marine  
  134  13:34  Medivac, Marine  
  124  13:37  Marine x2  
  124  13:39  Siege Tank  
  123  13:42  Marine x2  
  123  13:47  Siege Tank  
  123  13:48  SCV, Marine  
  124  13:50  SCV  
  124  13:53  Marine  
  124  13:54  Marine x2  
  124  13:55  Missile Turret  
  129  13:56  Marauder  
  129  14:01  Marine  
  131  14:04  Medivac, Marine x2  
  131  14:05  Marine  
  131  14:08  SCV x3  
  131  14:09  SCV  
  135  14:10  Marine  
  135  14:11  Siege Tank, Marine x2  
  135  14:13  Marine  
  138  14:17  Marine  
  138  14:19  Marine  
  138  14:20  SCV  
  143  14:24  Command Center  
  143  14:28  Marine x2  
  143  14:29  Marine  
Show
View Real Time Build Order
Export as new Build Order

Armani Zerg 

Build Orders: Hatch First 

Get SALT Encoding   

  12  0:00  Drone  
  13  0:12  Overlord  
  13  0:17  Drone  
  14  0:32  Drone x2  
  16  0:47  Hatchery  
  15  0:52  Drone  
  15  0:55  Drone  
  17  0:57  Drone  
  18  1:06  Extractor  
  17  1:13  Spawning Pool  
  17  1:17  Drone  
  17  1:20  Drone  
  18  1:28  Drone  
  19  1:39  Drone  
  20  1:49  Drone  
  21  2:00  Queen x2  
  26  2:01  Zergling x4  
  27  2:15  Hatchery  
  26  2:20  Overlord  
  26  2:26  Metabolic Boost  
  26  2:28  Drone  
  27  2:31  Drone  
  28  2:40  Drone x3  
  31  2:47  Queen  
  33  2:53  Overlord  
  33  2:55  Drone  
  33  2:58  Drone  
  35  3:02  Drone  
  36  3:12  Drone x5  
  41  3:15  Overlord  
  41  3:20  Drone  
  41  3:23  Queen  
  44  3:27  Overlord  
  44  3:29  Drone  
  44  3:31  Drone  
  46  3:35  Queen  
  46  3:38  Drone x2  
  50  3:42  Drone x2  
  50  3:43  Drone  
  53  3:50  Overlord, Spine Crawler  
  53  3:54  Drone x2  
  54  4:01  Queen  
  56  4:04  Zergling x4  
  56  4:06  Overlord  
  56  4:08  Overlord  
  58  4:12  Zergling x6  
  58  4:16  Queen  
  63  4:22  Drone  
  63  4:23  Drone x2  
  66  4:27  Extractor  
  66  4:30  Zergling x8  
  68  4:39  Evolution Chamber  
  68  4:41  Evolution Chamber  
  68  4:42  Zergling x12  
  68  4:45  Drone x4  
  74  4:47  Drone  
  75  4:58  Drone  
  71  5:08  Zerg Ground Armor Level 1, Zerg Missile Weapons Level 1  
  71  5:13  Drone x5  
  69  5:14  Drone  
  69  5:18  Drone  
  66  5:24  Drone  
  66  5:26  Drone  
  68  5:31  Drone  
  68  5:32  Spore Crawler, Drone x5  
  73  5:36  Spore Crawler  
  73  5:38  Spore Crawler  
  73  5:42  Lair  
  71  5:43  Drone  
  71  5:44  Drone x2  
  71  5:46  Drone  
  71  5:47  Drone  
  71  5:49  Drone  
  76  5:53  Extractor x2  
  76  5:56  Roach Warren, Drone  
  74  5:58  Drone  
  73  6:06  Zergling x14  
  73  6:07  Drone  
  81  6:11  Drone  
  81  6:15  Overlord  
  81  6:16  Overlord  
  82  6:19  Overlord  
  82  6:21  Extractor x2  
  80  6:27  Drone x2  
  82  6:35  Drone  
  82  6:39  Drone x4, Overseer  
  87  6:40  Glial Reconstitution  
  87  6:43  Hatchery  
  85  6:51  Drone x2  
  82  7:08  Drone x3  
  82  7:09  Drone  
  82  7:10  Drone x3  
  86  7:17  Roach x5  
  86  7:18  Roach x4  
  86  7:19  Overlord  
  86  7:22  Overlord  
  103  7:31  Roach  
  103  7:34  Overlord  
  105  7:42  Roach x9  
  114  7:59  Roach  
  114  8:00  Roach x6  
  114  8:01  Overlord  
  114  8:03  Overlord x2  
  114  8:05  Overlord x2  
  128  8:07  Overlord x2  
  128  8:08  Overlord  
  128  8:09  Overlord  
  128  8:13  Overlord  
  128  8:17  Overlord  
  128  8:20  Roach x2  
  128  8:21  Roach  
  128  8:22  Ravager x14  
  128  8:25  Roach  
  150  8:27  Roach x2  
  150  8:28  Roach  
  150  8:30  Roach  
  150  8:32  Roach  
  150  8:33  Roach  
  162  8:38  Roach x2  
  162  8:41  Ravager  
  167  8:44  Overseer  
  167  8:45  Roach  
  167  8:46  Zergling x2  
  167  8:47  Zergling x6  
  166  8:58  Roach x8  
  166  8:59  Zergling x2  
  183  9:07  Ravager  
  180  9:11  Roach  
  180  9:12  Roach x5  
  181  9:20  Roach  
  181  9:21  Roach x5  
  181  9:24  Zergling x6  
  163  9:33  Roach  
  163  9:34  Roach x4  
  161  9:40  Zerg Missile Weapons Level 2  
  161  9:46  Drone  
  161  9:47  Drone x8  
  161  9:52  Burrow, Tunneling Claws  
  170  9:56  Ravager  
  171  10:01  Zergling x2  
  171  10:02  Zergling x12  
  178  10:12  Zerg Ground Armor Level 2  
  174  10:18  Drone x2  
  166  10:29  Roach x10  
  166  10:35  Ravager x2  
  188  10:40  Overlord, Roach x3  
  192  10:45  Zergling x4  
  192  10:46  Overlord x2  
  192  10:51  Overlord  
  177  10:57  Roach x7  
  177  11:03  Roach x3  
  192  11:12  Zergling x12  
  192  11:13  Zergling x2  
  196  11:23  Roach x2  
  196  11:24  Roach x22  
  191  11:40  Roach  
  191  11:41  Roach x3  
  135  11:55  Roach x15  
  152  12:01  Roach x3  
  152  12:07  Roach x4  
  122  12:12  Roach x5  
  121  12:20  Ravager x4  
  119  12:30  Roach x7  
  119  12:32  Roach x14  
  119  12:33  Ravager x3  
  119  12:34  Ravager x3  
  139  12:39  Ravager  
  139  12:40  Roach  
  139  12:41  Zergling x4  
  144  12:46  Roach x2  
  148  12:53  Roach x3  
  154  13:00  Roach x4  
  163  13:05  Ravager  
  163  13:06  Ravager  
  163  13:08  Roach x3  
  163  13:12  Roach x2  
  144  13:29  Roach x9  
  127  13:41  Roach x6  
  126  13:43  Roach x10  
  122  13:56  Roach x8  
  136  14:04  Roach x4  
  136  14:08  Ravager  
  136  14:09  Ravager  
  138  14:11  Roach x2  
  132  14:19  Roach x4  
  132  14:24  Ravager x3  
  142  14:26  Zergling x10  
Tags
 
Add a new tag
Caveats
  • Supply blocks, unpowered buildings, or Contaminate may cause inaccurate times.
  • Supply counts are checked every 10 seconds.